cohdb
Replays
Latest Replays
All Replays
Popular Replays
Top Player Replays
Match Explorer
How It Works
Community
CoH3 Stats
Reddit
Sign in to upload your games and track your stats! →
Sign in with Steam
Match 42876318
Unlisted
Match 42876318
Overview
Messages
Build Orders
End
Selects Luftwaffe Battlegroup
Selects Luftwaffe Battlegroup
Selects Luftwaffe Pioneer Support
Fallschirmpioneer Squad Paradrop
Construct Infanterie Kompanie
MG 42 Machine Gun Team
Grenadier Squad
Construct Panzergrenadier Kompanie
Fallschirmpioneer Squad Paradrop
251 Medium Carrier
Selects LG40 Recoilless Gun Paradrop
Infanterie Officer Quarters
Fallschirmpioneer Squad Paradrop
LG40 Recoilless Gun Paradrop
MatioS
Hunter
Dark Angels
Tirant
kakaot
FrustrateHead แฟนคลับลุงพล
Dickson
solma
0
0
Comments
sign in to comment!
No comments posted yet!